Unix NetHack Version 3.7.0-88 Work-in-progress - last build Aug 6 2023 13:40:22 (5c9c4c7fffe0d5f0a8b1342c2a36a56ed743986a,branch:master). Game began 2023-08-10 10:07:58, ended 2023-08-10 11:17:32. Arasaka, neutral female gnomish Archeologist ------ ....| -.... | |...| - |.).| ----.-------- |...| | --+---+-.....`.....--+--...| |.........@....Z@.......(Y@....| |...........{ ----|--.{........| |.......... |.....|..........| |... ---+- |...`.|..---+-...| | -- |.._..|+-- |...| |.....| |...| ------- |...| -...| ...| ----- Arasaka the Investigator St:13 Dx:11 Co:12 In:18 Wi:18 Ch:10 Neutral Dlvl:8 $:997 HP:0(56) Pw:45(45) AC:2 Xp:7/1120 T:6560 Latest messages: The rope golem hits again! You are being choked. The massive hammer hits! Lightning strikes the rope golem! You destroy the rope golem! You hear a door open. Please move the cursor to an unknown object. (For instructions type a '?') The door opens. The priestess of Huhetotl intones: "Pilgrim, you enter a sacred place!" You have a forbidding feeling... The yeti hits! The yeti hits again! The yeti bites! What do you want to write with? [- agloX or ?*] You write in the dust with your fingertip. The yeti turns to flee. An elf zombie suddenly appears! Please move the cursor to an unknown object. (For instructions type a '?') What do you want to write with? [- agloX or ?*] You write in the dust with your fingertip. The yeti turns to flee. Talk to whom? (in what direction) What do you want to use or apply? [bgilqzX or ?*] $ - 3797 gold pieces. Talk to whom? (in what direction) The priestess of Huhetotl asks you for a contribution for the temple. You give the priestess of Huhetotl 2800 zorkmids. "Thou hast been rewarded for thy devotion." What do you want to write with? [- agloX or ?*] You write in the dust with your fingertip. Something is written here in the dust. You read: "ElberetC". You see no objects here. What do you want to write with? [- agloX or ?*] Do you want to add to the current engraving? [ynq] (y) You wipe out the message that was written in the dust here. You write in the dust with your fingertip. The yeti hits! The yeti hits again! The yeti bites! You feel a draft. The yeti hits! The yeti hits again! The yeti bites! Are you sure you want to pray? [yn] (n) You begin praying to Camaxtli. The yeti hits! You die... Inventory: Coins ('$') $ - 997 gold pieces Weapons (')') a - the uncursed rustproof +0 Mjollnir (weapon in hand) Armor ('[') c - a cursed -1 pair of iron shoes (being worn) v - an uncursed +0 studded leather armor (being worn) Comestibles ('%') m - 2 uncursed candy bars labeled "Berry Bar" W - 4 uncursed food rations R - an uncursed tin of spinach K - an uncursed egg d - an uncursed lizard corpse named tricebane Wands ('/') l - an uncursed wand of digging (0:3) X - an uncursed wand of magic missile (0:3) Tools ('(') z - an empty uncursed sack b - an uncursed blindfold i - an uncursed oil lamp q - an uncursed +0 pick-axe Gems/Stones ('*') o - an uncursed amethyst stone g - an uncursed touchstone Arasaka the Archeologist's attributes: Background: You were an Investigator, a level 7 female gnomish Archeologist. You were neutral, on a mission for Camaxtli who was opposed by Quetzalcoatl (lawful) and Huhetotl (chaotic). You were in the Gnomish Mines, on level 8. You entered the dungeon 6560 turns ago. You had 1120 experience points, 160 more were needed to attain level 8. Basics: You had 0 out of 56 hit points. You had all 45 energy points (spell power). Your armor class was 2. Your wallet contained 997 zorkmids. Autopickup was off. Final Characteristics: Your strength was 13 (limit:18/50). Your dexterity was 11 (limit:18). Your constitution was 12 (limit:18). Your intelligence was 18 (limit:19). Your wisdom was 18 (limit:18). Your charisma was 10 (limit:18). Final Status: You were not hungry. You were unencumbered. You were wielding a hammer. You had basic skill with hammer. Final Attributes: You were piously aligned. You were telepathic. You had automatic searching. You had infravision. You were stealthy. You had a small defense bonus (+4). You were warded. You are dead. Miscellaneous: You disabled loading of bones levels. Total elapsed playing time was 41 minutes and 43 seconds. Major events: Turn 1: Arasaka the neutral female gnomish Archeologist entered the dungeon 993: attained the rank of Field Worker (level 3) 2076: was bestowed with Mjollnir by Camaxtli 3226: entered the Gnomish Mines 3604: attained the rank of Investigator (level 6) 6501: reached Mine Town 6560: killed by a yeti, while praying Vanquished creatures: a giant spider a lizard 2 snakes an ape a rope golem 3 soldier ants a mountain nymph 3 Uruk-hai an orc shaman a rock piercer a rock mole 3 fog clouds 2 yellow lights a shrieker 2 elf zombies 2 ghouls 3 giant ants 4 floating eyes 3 dwarves a kobold leader 2 kobold shamans 8 hill orcs 6 rothes 3 giant bats a wererat a werejackal 4 iguanas 2 killer bees 2 acid blobs 6 coyotes 5 hobbits 2 large kobolds 3 hobgoblins 7 giant rats 5 cave spiders a red mold 2 gnomes 5 gnome zombies 6 geckos 12 jackals 4 foxes 3 kobolds 3 goblins a sewer rat 7 grid bugs 2 bats 6 lichens a kobold zombie 10 newts 157 creatures vanquished. No species were genocided or became extinct. Voluntary challenges: You read items or engraved 24 times. You engraved Elbereth 14 times. You never genocided any monsters. You never polymorphed an object. You used no wishes. Achievements: You attained the rank of Field Worker. You entered the Gnomish Mines. You attained the rank of Investigator. You entered Minetown. You entered a temple. The Dungeons of Doom: levels 1 to 5 Level 1: An altar to Camaxtli, a fountain. Level 2: Level 3: "s" Many fountains. Level 4: An altar, a fountain, a grave. Stairs down to The Gnomish Mines. Level 5: The Gnomish Mines: levels 5 to 8 Level 5: Level 6: "soldier ant" Level 7: Level 8: <- You were here. A temple, some fountains. Final resting place for you, killed by a yeti, while praying. Game over: ---------- / \ / REST \ / IN \ / PEACE \ / \ | Arasaka | | 997 Au | | killed by a yeti | | | | | | | | 2023 | *| * * * | * _________)/\\_//(\/(/\)/\//\/|_)_______ Goodbye Arasaka the Archeologist... You died in The Gnomish Mines on dungeon level 8 with 5738 points, and 997 pieces of gold, after 6560 moves. You were level 7 with a maximum of 56 hit points when you died.